 Dungeon Crawl Stone Soup version 0.26-a0-651-gb41185065b (webtiles) character file.

Game seed: 11690876190441823310

793 snetch the Cleaver (level 7, -6/60 HPs)
             Began as a Hill Orc Monk on Sept 30, 2020.
             Was a Believer of Beogh.
             Mangled by a killer bee (8 damage)
             ... on level 4 of the Dungeon.
             The game lasted 00:15:28 (5217 turns).

snetch the Cleaver (Hill Orc Monk)                  Turns: 5217, Time: 00:15:29

Health: -6/60      AC:  7    Str: 16    XL:     7   Next: 88%
Magic:  7/7        EV: 12    Int: 10    God:    Beogh [**....]
Gold:   228        SH:  0    Dex: 13    Spells: 6/6 levels left

rFire    . . .     SeeInvis .   F - +1 dagger (drain)
rCold    . . .     Faith    .   (no shield)
rNeg     . . .     Spirit   .   e - +1 ring mail
rPois    .         Reflect  .   (no helmet)
rElec    .         Harm     .   (no cloak)
rCorr    .         Rampage  .   (no gloves)
MR       +....                  (no boots)
Stlth    +.........             B - amulet of regeneration
HPRegen  0.60/turn              k - ring of protection from magic
MPRegen  0.10/turn              (no ring)

@: lethally poisoned (-6 -> -7)
A: no striking features
a: Smiting, Renounce Religion


You were on level 4 of the Dungeon.
You worshipped Beogh.
Beogh was pleased with you.
You visited 1 branch of the dungeon, and saw 6 of its levels.

You collected 228 gold pieces.

Inventory:

Hand Weapons
 a - a +0 war axe
 x - a +0 trident
 y - a +0 morningstar
 F - a +1 dagger of draining (weapon)
Missiles
 d - 62 arrows
 i - 8 sling bullets
 j - 14 bolts
 n - 126 stones
 r - 4 javelins (quivered)
Armour
 e - a +1 ring mail (worn)
 u - a +0 robe of magic resistance
Magical Staves
 G - an uncursed staff of cold
Jewellery
 k - a ring of protection from magic (left hand)
 B - an amulet of regeneration (around neck)
Wands
 C - a wand of paralysis (5)
 E - a wand of polymorph (11)
Scrolls
 f - a scroll of random uselessness {unknown}
 g - 2 scrolls of teleportation {unknown}
 h - 4 scrolls of enchant armour
 o - 2 scrolls of magic mapping {unknown}
 p - 4 scrolls of remove curse {unknown}
 q - 2 scrolls of identify {unknown}
 z - a scroll of immolation {unknown}
 A - a scroll of amnesia {unknown}
Potions
 b - 2 potions of stabbing
 c - 3 potions of haste {unknown}
 l - a potion of resistance
 m - a potion of degeneration {unknown}
 t - a potion of might {unknown}
 v - a potion of brilliance {unknown}
 w - 2 potions of experience {unknown}
 D - a potion of lignification {unknown}


   Skills:
 + Level 4.8 Fighting
 * Level 8.7 Axes
 * Level 4.9 Armour
 + Level 3.1 Dodging
 + Level 2.0 Stealth
 + Level 0.1 Evocations


You had 6 spell levels left.
You didn't know any spells.
Your spell library was empty.

Dungeon Overview and Level Annotations

Branches:
Dungeon (6/15)
 Temple: D:4-7

Altars:
Okawaru
Vehumet

Annotations:
D:3 neutral orcs


Message History

Okay, then.
You miss the killer bee.
The killer bee is heavily wounded.
* * * LOW HITPOINT WARNING * * *
You feel sick. The killer bee stings you.
* * * LOW HITPOINT WARNING * * *
You are more poisoned.
The killer bee poisons you! The killer bee stings you.
* * * LOW HITPOINT WARNING * * *
You feel better. The killer bee stings you.
* * * LOW HITPOINT WARNING * * *
You are poisoned.
The killer bee poisons you! The killer bee barely misses you.
Evoke which item? (* to show all) (? for menu, Esc to quit)
Aiming: Polymorph
Press: ? - help, Shift-Dir - straight line, f - killer bee
Aim: a killer bee (heavily wounded, chance to defeat MR: 54%)
The killer bee resists with significant effort.
You feel sick. The killer bee stings you!
You die...

#........# #>.......# #........##
#.........# ######....#########
#....##....... #....##.......
####################....##.......
................@y.'....++.......
####################....##.......
#....##....... #....##....... #
####.y..##....... #
.....y..######+## ##########
........## #.# '.........
.........# #.# ##.######
.....y...#####.##


You could see a killer bee.

Vanquished Creatures
  Duvessa (D:4)
  An ogre (D:3)
  Dowan (D:4)
  3 killer bees (D:4)
  An orc priest (D:4)
  3 orc wizards
  Jessica (D:2)
  Natasha (thrice) (D:3)
  A gnoll (D:1)
  8 adders
  An ufetubus (D:5)
  An ooze (D:2)
  3 worms
  2 dart slugs (D:2)
  2 leopard geckos
  8 orcs
  8 bats
  5 giant cockroaches
  4 goblins
  11 hobgoblins
  12 jackals
  5 kobolds
  5 quokkas
  2 frilled lizards
  A quokka skeleton (D:4)
  11 rats
104 creatures vanquished.

Notes
Turn   | Place    | Note
-------+----------+-------------------------------------------
     0 | D:1      | snetch the Hill Orc Monk began the quest for the Orb.
     0 | D:1      | Reached XP level 1. HP: 19/19 MP: 1/1
   155 | D:1      | Reached XP level 2. HP: 17/27 MP: 2/2
   342 | D:2      | Reached skill level 5 in Axes
   342 | D:2      | Reached XP level 3. HP: 26/33 MP: 3/3
   350 | D:2      | Reached skill level 1 in Armour
   869 | D:2      | Reached XP level 4. HP: 38/40 MP: 4/4
  1716 | D:2      | Noticed Jessica
  1723 | D:2      | Killed Jessica
  1723 | D:2      | Reached skill level 6 in Axes
  1723 | D:2      | Reached XP level 5. HP: 46/46 MP: 5/5
  1846 | D:2      | You fall into a shaft and drop 1 floor!
  1854 | D:3      | Noticed Natasha
  1874 | D:3      | Killed Natasha
  1902 | D:3      | Noticed Natasha
  1918 | D:3      | Killed Natasha
  2815 | D:3      | Found a radiant altar of Vehumet.
  2837 | D:3      | Noticed an ogre
  2849 | D:3      | Reached XP level 6. HP: 49/52 MP: 6/6
  2896 | D:3      | Noticed Natasha
  2927 | D:3      | Killed Natasha
  2927 | D:3      | Reached skill level 7 in Axes
  3644 | D:3      | Found an iron altar of Okawaru.
  3715 | D:3      | Became a worshipper of Beogh the Brigand
  3715 | D:3      | Reached * piety under Beogh
  3715 | D:3      | Reached ** piety under Beogh
  3929 | D:5      | Entered Level 5 of the Dungeon
  4007 | D:6      | Noticed a phantom
  4333 | D:5      | Reached XP level 7. HP: 34/60 MP: 7/7
  4793 | D:4      | Reached skill level 8 in Axes
  4927 | D:4      | Noticed Dowan
  4927 | D:4      | Noticed Duvessa
  4950 | D:4      | HP: 1/60 [Duvessa/+0 rapier (10)]
  4952 | D:4      | Killed Dowan
  4955 | D:4      | Killed Duvessa
  5215 | D:4      | HP: 1/60 [killer bee (4)]
  5217 | D:4      | Mangled by a killer bee

Illustrated notes

Levels and vault maps discovered:
D:1:      saegor_arrival_simple_e, layout_loops_ring
D:2:      layout_loops_corners, minmay_misc_feat_enclosed, grunt_ministairs_12,
          minmay_misc_feat_chi, uniq_jessica
D:3:      layout_basic, old_standard_altar, okawaru_gym_becter, uniq_natasha
D:4:      layout_basic, kennysheep_mini, uniq_duvessa
D:5:      layout_loops_cross, kennysheep_little_box,
          nicolae_dithmenos_the_darkroom, temple_pool_b, serial_shops,
          nicolae_shop_behind_doors, minmay_misc_feat_roman
D:6:      layout_basic, lemuel_round_altar, elyvilon_altar_4

Skill      XL: |  1  2  3  4  5  6  7 |
---------------+----------------------+-----
Fighting       | 4 |  4.8
Axes           | 5 6 7 8 |  8.7
Armour         | 1 2 3 4 |  4.9
Dodging        | 3 |  3.1
Stealth        | 2 |  2.0
Evocations     | |  0.1

Action                   |  1- 3 |  4- 6 |  7- 9 || total
-------------------------+-------+-------+-------++-------
Melee: Hand axe          |    90 |   295 |    24 ||   409
       War axe           |       |       |    46 ||    46
       Dagger            |       |       |    16 ||    16
Throw: Throwing net      |       |     1 |       ||     1
       Javelin           |       |     3 |       ||     3
Invok: Convert to Beogh  |       |     1 |       ||     1
Evoke: Wand              |       |       |     5 ||     5
  Use: Potion            |       |     2 |     2 ||     4
       Scroll            |       |       |     1 ||     1
 Stab: Sleeping          |       |     3 |       ||     3
       Paralysed         |       |       |     3 ||     3
Armor: Ring mail         |    28 |    82 |    38 ||   148
Dodge: Dodged            |    66 |   180 |    46 ||   292

Table legend: (Time is in decaauts)
 A = Elapsed time spent in this place.
 B = Non-inter-level travel time spent in this place.
 C = Inter-level travel time spent in this place.
 D = Time resting spent in this place.
 E = Time spent auto-exploring this place.
 F = Levels seen in this place.
 G = Mean time per level.
                   A        B        C        D        E       F      G
               +--------+--------+--------+--------+--------+-----+--------+
         Total |   5237 |   5102 |    135 |    710 |   2905 |   6 |  872.8 |
       Dungeon |   5237 |   5102 |    135 |    710 |   2905 |   6 |  872.8 |
               +--------+--------+--------+--------+--------+-----+--------+

Top non-repeatable levels by time:
     D:2: 1752 daAuts
     D:3: 1144 daAuts
     D:1: 994 daAuts
     D:4: 807 daAuts
     D:5: 429 daAuts
     D:6: 109 daAuts
